 Dungeon Crawl Stone Soup version 0.31-a0-237-g2d982f9f85 (webtiles) character file.

Game seed: 8333329333361234102

88 qw the Shooter (level 4, 0/26 HPs)
             Began as a Gargoyle Hexslinger on July 11, 2023.
             Killed from afar by an orc wizard (3 damage)
             ... with a magic dart
             ... on level 3 of the Dungeon.
             The game lasted 00:00:43 (1545 turns).

qw the Shooter (Gargoyle Hexslinger)                Turns: 1545, Time: 00:00:44

Health: 0/26       AC:  9    Str: 11    XL:     4   Next: 53%
Magic:  5/5        EV: 10    Int: 14    God:
Gold:   55         SH:  0    Dex: 14    Spells: 4/5 levels left

rFire   . . .        Y - +1 sling
rCold   . . .        (no shield)
rNeg    + . .        e - +0 ring mail
rPois   inf          h - +1 hat
rElec   +            (no cloak)
rCorr   .            (no gloves)
SInv    .            (no boots)
Will    .....        (no amulet)
Stlth   +            (no ring)
HPRegen 0.24/turn    (no ring)
MPRegen 0.09/turn

%: no passive effects
@: no status effects
A: sickness immunity, AC +3, negative energy resistance 1, electricity
resistance, torment resistance 1, petrification resistance
a: no special abilities


You were on level 3 of the Dungeon.
You visited 1 branch of the dungeon, and saw 3 of its levels.

You collected 55 gold pieces.


Innate Abilities, Weirdness & Mutations

You are immune to sickness and miasma.
Your stone body is resilient. (AC +3)
You are immune to poison.
You resist negative energy. (rN+)
You are resistant to electric shocks. (rElec)
You are resistant to unholy torment.
You are immune to petrification.


   Skills:
 - Level 2.0 Fighting
 + Level 4.1 Ranged Weapons
 - Level 1.0 Armour
 - Level 1.5 Dodging
 - Level 1.0 Spellcasting
 - Level 2.6 Hexes


You had 4 spell levels left.
You knew the following spells:

 Your Spells              Type           Power      Damage    Failure   Level
a - Slow                  Hex            32%        N/A       21%         1

Your spell library contained the following spells:

 Spells                   Type           Power      Damage    Failure   Level
 Inner Flame              Hex/Fire       4%         N/A       71%         3
 Portal Projectile        Hex/Tloc       8%         N/A       71%         3
 Cause Fear               Hex            4%         N/A       90%         4

Inventory:

Hand Weapons
 Y - a +1 sling (weapon)
Armour
 e - a +0 ring mail (worn)
 h - a +1 hat (worn)
Potions
 a - a potion of heal wounds {unknown}
 b - a potion of curing {unknown}
 d - a potion of mutation {unknown}
 f - a potion of might
 g - a potion of attraction {unknown}

Dungeon Overview and Level Annotations

Branches:
Dungeon (3/15)

Altars:
Xom


Message History

Something hits you but does no damage. Something hits you.
You shoot a sling bullet.
You hear some strange, mumbled words.
You are confused.
You shoot a sling bullet. Something hits you but does no damage.
You shoot a sling bullet. Something hits you.
You shoot a sling bullet.
Something hits you but does no damage. x2
You shoot a sling bullet.
You hear some strange, mumbled words.
A magic dart appears from out of thin air!
The magic dart hits you.
You shoot a sling bullet. Something hits you but does no damage.
You shoot a sling bullet.
You feel less confused. Something hits you. Something completely misses you.
You shoot a sling bullet. Something hits you but does no damage.
You shoot a sling bullet. Something hits you but does no damage.
You shoot a sling bullet.
An orc wizard appears from thin air!
Reactivating autopickup.
The orc wizard hits you but does no damage.
The orc wizard points at you and mumbles some strange words.
The puff of flame hits you.
You shoot a sling bullet. The sling bullet hits the orc wizard.
The orc wizard is heavily wounded.
The orc wizard misses you.
You shoot a sling bullet.
The sling bullet closely misses the orc wizard.
The orc wizard hits you but does no damage.
You shoot a sling bullet.
The sling bullet barely misses the orc wizard.
The orc wizard gestures at you while chanting.
The magic dart hits you.
You die...

##############.
##..............
#..8.8.8.8.8.8..
#...............
#.#.8.8.8.8.8...
#.......o)......
##.####.@).....#
#.####..)...)..
#..............
#####..........
#.#.####...
#<#.# ## #.#.#
#.... .....


You could see an orc wizard.

Vanquished Creatures
  2 adders (D:2)
  2 worms (D:2)
  2 dart slugs (D:2)
  4 orcs (D:3)
  5 endoplasms
  3 giant cockroaches
  7 goblins (D:1)
  2 hobgoblins (D:2)
  3 jackals (D:1)
  4 quokkas
  2 ball pythons
  7 bats
  5 frilled lizards
  2 kobolds
  A rat (D:1)
51 creatures vanquished.

Notes
Turn   | Place    | Note
-------+----------+-------------------------------------------
     0 | D:1      | qw the Gargoyle Hexslinger began the quest for the Orb.
     0 | D:1      | Reached XP level 1. HP: 12/12 MP: 2/2
     0 | D:1      | 0 ||| qw: Version: 0.3-a-52-g30416fa
     0 | D:1      | 0 ||| qw: Game counter: 5440
     0 | D:1      | 0 ||| qw: Melee chars always use a shield: true
     0 | D:1      | 0 ||| qw: God list: Okawaru
     0 | D:1      | 0 ||| qw: Allow faded altars: false
     0 | D:1      | 0 ||| qw: Do Orc after clearing Dungeon:15 true
     0 | D:1      | 0 ||| qw: Do second Lair branch before Depths: true
     0 | D:1      | 0 ||| qw: Lair rune preference: random
     0 | D:1      | 0 ||| qw: Goals: Normal
     0 | D:1      | 0 ||| PLANNING D:1-11
    72 | D:1      | Reached XP level 2. HP: 16/16 MP: 3/3
   108 | D:1      | Reached skill level 3 in Ranged Weapons
   241 | D:1      | 241 ||| Stepping ~*~*~tactically~*~*~ (water).
   243 | D:1      | 243 ||| Stepping ~*~*~tactically~*~*~ (water).
   348 | D:1      | Reached XP level 3. HP: 21/21 MP: 4/4
   496 | D:1      | 496 ||| UPGRADING to +0 ring mail.
   506 | D:1      | 506 ||| DROPPING +0 robe.
   507 | D:1      | 507 ||| UPGRADING to +1 hat.
   512 | D:1      | 512 ||| READING scroll labelled QOOPNY RECRAJ.
   513 | D:1      | 513 ||| DRINKING 2 coppery potions.
   514 | D:1      | 514 ||| DROPPING scroll of poison.
   676 | D:2      | Identified the +2 hand axe "Plog" {flame, *Slow Dex+3
                  | Stlth+}
   896 | D:2      | Found a shimmering altar of Xom.
   949 | D:2      | Reached XP level 4. HP: 23/26 MP: 5/5
   993 | D:2      | Reached skill level 4 in Ranged Weapons
   998 | D:2      | 998 ||| READING scroll labelled LORPHI DYT WUHO.
  1474 | D:2      | 1474 ||| READING scroll labelled BAIBUQIHAA.
  1524 | D:3      | Reached skill level 1 in Armour
  1539 | D:3      | HP: 3/26 [something (4)]
  1545 | D:3      | Killed from afar by an orc wizard

Levels and vault maps discovered:
D:1:      wander_arrival_lonely_grave, layout_rooms, kennysheep_boxes
D:2:      layout_loops_corners, basic_altar, skrybe_limestone_x
D:3:      layout_loops_ring, mainiacjoe_overflow_alcove_2,
          gammafunk_ghost_split, minmay_misc_feat_pillars

Skill      XL: |  1  2  3  4 |
---------------+-------------+-----
Ranged Weapons | 3 4 |  4.1
Fighting       | 2 |  2.0
Armour         | 1 |  1.0
Dodging        | |  1.5
Spellcasting   | |  1.0
Hexes          | |  2.6

Action                     |  1- 3 |  4- 6 || total
---------------------------+-------+-------++-------
   Fire: Sling             |   121 |    67 ||   188
    Use: Scroll            |     1 |     2 ||     3
         Potion            |     1 |       ||     1
 Armour: Robe              |    16 |       ||    16
         Ring mail         |     6 |    57 ||    63
  Dodge: Dodged            |    35 |    23 ||    58

Table legend:
 A = Non-vault XP
 B = Vault XP
 C = Vault XP percentage of total XP
 D = Non-vault monster count
 E = Vault monster count
 F = Vault count percentage of total count
                 A         B        C        D         E       F
            +---------+---------+-------+---------+---------+-------
      Total |     126 |       0 |   0.0 |      51 |       0 |   0.0
            +---------+---------+-------+---------+---------+-------
        D:1 |      43 |       0 |   0.0 |      24 |       0 |   0.0
        D:2 |      71 |       0 |   0.0 |      23 |       0 |   0.0
        D:3 |      12 |       0 |   0.0 |       4 |       0 |   0.0
            +---------+---------+-------+---------+---------+-------
